Map: [ESL] Hard Lead

Players

DKZherO (herO) - Winner!

  • Race: Protoss Protoss
  • League: Grandmaster
  • Spawn Location: 5:00

Classic

  • Race: Protoss Protoss
  • Spawn Location: 11:00

VOD

Have the link to the VOD?

Description

Time

  • Played on: Nov. 21, 2023, 8:26 a.m.
  • Length: 5:54
Show
View Real Time Build Order
Export as new Build Order

DKZherO Protoss - Winner!

Build Orders: Blink Stalkers 

Get SALT Encoding   

  12  0:00  Probe  
  13  0:12  Probe  
  14  0:17  Pylon  
  14  0:24  Probe (Chrono Boost)  
  16  0:36  Probe (Chrono Boost)  
  16  0:37  Gateway  
  16  0:43  Probe (Chrono Boost)  
  16  0:46  Assimilator  
  17  0:50  Probe  
  18  0:57  Assimilator  
  18  1:03  Probe (Chrono Boost)  
  19  1:07  Gateway  
  20  1:12  Probe (Chrono Boost)  
  20  1:17  Probe (Chrono Boost)  
  20  1:23  Cybernetics Core  
  21  1:29  Probe  
  22  1:35  Pylon  
  22  1:41  Probe  
  23  1:49  Pylon  
  24  2:00  Sentry, Warp Gate (Chrono Boost)  
  27  2:08  Stalker  
  27  2:14  Gateway  
  27  2:23  Stalker  
  29  2:38  Stalker  
  29  2:40  Pylon  
  30  2:47  Shield Battery  
  30  2:52  Stalker  
  30  2:57  Probe  
  33  3:09  Probe  
  33  3:10  Shield Battery  
  34  3:14  Pylon  
  34  3:23  Twilight Council  
  34  3:35  Adept x3  
  34  3:40  Shield Battery  
  40  3:46  Pylon  
  40  3:57  Blink (Chrono Boost)  
  40  4:06  Adept x2  
  40  4:15  Stalker  
  38  4:20  Shield Battery  
  33  4:36  Stalker x2  
  37  4:44  Stalker  
  32  5:07  Sentry  
  32  5:08  Adept x2  
  32  5:09  Probe  
  38  5:29  Stalker x2  
  41  5:37  Stalker  
Show
View Real Time Build Order
Export as new Build Order

Classic Protoss 

Build Orders:  

Get SALT Encoding   

  12  0:00  Probe  
  13  0:12  Probe  
  14  0:18  Pylon  
  14  0:24  Probe  
  15  0:36  Gateway  
  15  0:37  Probe (Chrono Boost)  
  16  0:46  Assimilator, Probe (Chrono Boost)  
  17  0:51  Probe (Chrono Boost)  
  18  1:00  Assimilator  
  18  1:03  Probe (Chrono Boost)  
  19  1:08  Gateway  
  19  1:14  Probe (Chrono Boost)  
  20  1:18  Probe (Chrono Boost)  
  21  1:26  Cybernetics Core  
  21  1:29  Probe  
  22  1:36  Pylon  
  22  1:41  Probe  
  23  1:54  Probe  
  24  2:02  Adept x2, Warp Gate  
  28  2:13  Pylon  
  28  2:22  Robotics Facility  
  28  2:32  Stalker x2  
  32  2:50  Gateway  
  32  3:05  Stalker x2  
  34  3:12  Warp Prism (Chrono Boost)  
  38  3:28  Pylon  
  38  3:50  Stalker x3  
  37  4:30  Stalker x2  
  29  5:06  Stalker x2  
  33  5:08  Probe (Chrono Boost)  
  34  5:17  Probe (Chrono Boost)  
  35  5:22  Probe (Chrono Boost)  
  36  5:34  Probe (Chrono Boost)  
Tags
 
Composition
Blink Stalkers
Matchup
PvP
Replay Pack
December 2023
Spawn Locations
Cross Positions
Add a new tag
Caveats
  • Supply blocks, unpowered buildings, or Contaminate may cause inaccurate times.
  • Supply counts are checked every 10 seconds.